 Dungeon Crawl Stone Soup version 0.21.1-1-g345015fe64 (webtiles) character file.

11 TheNosferatu the Grave Robber (level 2, -2/18 (20) HPs)
             Began as a Ghoul Necromancer on June 11, 2018.
             Slain by a rat (3 damage)
             ... on level 1 of the Dungeon.
             The game lasted 00:17:44 (993 turns).

TheNosferatu the Grave Robber (Ghoul Necromancer)    Turns: 993, Time: 00:17:44

HP:   -2/18 (20)    AC:  2    Str: 11    XL:     2   Next: 25%
MP:   3/3           EV: 12    Int: 10    God:
Gold: 17            SH:  0    Dex:  9    Spells: 2/4 levels left

rFire    . . .     SeeInvis .   b - book of Necromancy
rCold    + . .     Gourm    .   (no shield)
rNeg     + + +     Faith    .   a - +0 robe
rPois    ∞         Spirit   .   (no helmet)
rElec    .         Reflect  .   (no cloak)
rCorr    .         Harm     .   (no gloves)
MR       .....                  (no boots)
Stlth    ++........             (no amulet)
HPRegen  0.00/turn              (no ring)
MPRegen  0.08/turn              (no ring)

@: rotting
A: rotting body, claws 1, carnivore, cold resistance 1, negative energy
resistance 3, inhibited regeneration, torment resistance, unbreathing
a: no special abilities


You were on level 1 of the Dungeon.
You were not hungry.

You visited 1 branch of the dungeon, and saw 1 of its levels.

You collected 17 gold pieces.

Inventory:

Hand Weapons
 d - a +0 dagger
 f - a cursed +0 club
Armour
 a - a +0 robe (worn)
Scrolls
 e - 2 scrolls of random uselessness {unknown}
 g - a scroll of blinking {unknown}
Books
 b - a book of Necromancy (in claw)

   Spells                             Type                      Level
   a - Pain                           Necromancy                   1
   b - Animate Skeleton               Necromancy                   1
   c - Vampiric Draining              Necromancy                   3
   d - Regeneration                   Charms/Necromancy            3
   e - Animate Dead                   Necromancy                   4
   f - Borgnjor's Vile Clutch         Necromancy/Earth             5
Comestibles
 c - a ration


   Skills:
 + Level 1.8 Dodging
 + Level 2.3 Stealth
 + Level 1.8 Spellcasting
 + Level 4.3 Necromancy


You had 2 spell levels left.
You knew the following spells:

 Your Spells              Type           Power        Failure   Level  Hunger
a - Pain                  Necr           #...         5%          1    ##.....
b - Animate Skeleton      Necr           N/A          5%          1    ##.....


Dungeon Overview and Level Annotations

Branches:
Dungeon (1/15)

Altars:


Innate Abilities, Weirdness & Mutations

Your body is rotting away.
You thrive on raw meat.
You are immune to poison.
You have sharp fingernails.
You are carnivorous and can eat meat at any time.
Your flesh is cold resistant. (rC+)
You are immune to negative energy. (rN+++)
You do not regenerate when monsters are visible.
You are immune to unholy pain and torment.
You can survive without breathing.


Message History

The rat closely misses you. The rat barely misses you.
You clumsily bash the rat but do no damage.
The rat barely misses you. The rat bites you.
* * * LOW HITPOINT WARNING * * *
You clumsily bash the rat but do no damage.
The rat closely misses you.
You barely miss the rat. The rat barely misses you. x2
You clumsily bash the rat but do no damage.
The rat misses you.
You barely miss the rat. The rat misses you. The rat closely misses you.
You completely miss the rat. The rat bites you.
* * * LOW HITPOINT WARNING * * *
You barely miss the rat. The rat misses you.
The rat bites you but does no damage.
You barely miss the rat. The rat closely misses you.
You barely miss the rat. The rat bites you but does no damage.
The rat completely misses you.
You closely miss the rat. The rat bites you.
You die...

P........###
..######.# ..#
###.# P.# #.#.#
..#
#.#.#########
..#
#...........#
..#
#.#.#######.#
P.# #.#.....#
#r# ..#
#.#####.# #@#
..# #.# #.# #.#
..#
#.#####.######
P.#
#..............
..#
#######.#######
P.# ?.# ..# ###
..# P.##


You could see a rat.

Vanquished Creatures
  A dart slug (D:1)
  4 bats (D:1)
  A goblin (D:1)
  A hobgoblin (D:1)
  A frilled lizard (D:1)
8 creatures vanquished.

Notes
Turn   | Place    | Note
-------+----------+-------------------------------------------
     0 | D:1      | TheNosferatu the Ghoul Necromancer began the quest for the Orb.
     0 | D:1      | Reached XP level 1. HP: 14/14 MP: 2/2
   178 | D:1      | Learned a level 1 spell: Animate Skeleton
   220 | D:1      | Reached XP level 2. HP: 10/20 MP: 1/3
   993 | D:1      | Slain by a rat

Action                   || total
-------------------------++-------
Melee: Dagger            ||    32
       Unarmed           ||     3
 Cast: Animate Skeleton  ||     2
       Pain              ||     2
 Stab: Sleeping          ||     1
  Eat: Chunk             ||     1
Armor: Robe              ||    11
Dodge: Dodged            ||    44
